 Dungeon Sprint DCSS version 0.18.1-5-g4a78601 (webtiles) character file.

8627 Hipnos the Unseen (level 11, -4/35 HPs)
             Began as a Spriggan Enchanter on May 14, 2016.
             Was a High Priest of Vehumet.
             Splashed by a jelly's acid (9 damage)
             ... in the Dungeon (Sprint I: "Red Sonja").
             The game lasted 00:10:22 (1477 turns).

Hipnos the Unseen (Spriggan Enchanter)              Turns: 1477, Time: 00:10:23

Health: -4/35      AC: -2    Str: -1 (0) XL:     11   Next: 12%
Magic:  22/22      EV: 24    Int: 16    God:    Vehumet [*****.]
Gold:   660        SH:  0    Dex: 13    Spells: 4 memorised, 34 levels left

rFire  . . .     SeeInvis +     a - +1 dagger
rCold  . . .     Gourm    .     b - +1 robe
rNeg   . . .     Faith    .     (shield restricted)
rPois  .         Spirit   .     (helmet restricted)
rElec  .         Dismiss  .     (no cloak)
rCorr  .         Reflect  .     (gloves unavailable)
SustAt .         Harm     .     (boots unavailable)
MR     +....     Rnd*Rage +     (no amulet)
Stlth  +++++++++. NoTele   +    (no ring)
                                i - ring of stealth

@: corroded, starving, slowed, lost strength, quick, somewhat resistant to
hostile enchantments, incredibly stealthy
A: unfitting armour, fangs 1, hooves 1, see invisible, berserk 3, clumsy 2,
deformed body, deterioration 2, dopey 2, herbivore 3, speed 3, frail 3, low mp
3, screaming 3, slow metabolism 2, weak 2, subdued magic 3, MP-powered wands
a: Renounce Religion


You were in the Dungeon.
You worshipped Vehumet.
Vehumet was extremely pleased with you.
You were starving.

You visited 1 branch You collected 887 gold pieces.
You spent 227 gold pieces at shops.

Inventory:

Hand Weapons
 a - a +1 dagger (weapon)
Armour
 b - a +1 robe (worn)
Jewellery
 i - a ring of stealth (left hand)
Scrolls
 j - a scroll of blinking
 l - a scroll of enchant weapon {unknown}
 n - a scroll of torment {unknown}
Potions
 e - a potion of curing
 f - a potion of heal wounds
 g - a potion of haste
 h - 2 potions of magic
Books
 c - a book of Maledictions

   Spells                             Type                      Level
   a - Corona                         Hexes                        1
   b - Ensorcelled Hibernation        Hexes/Ice                    2
   c - Confuse                        Hexes                        3
   d - Tukima's Dance                 Hexes                        3
   e - Dazzling Spray                 Conjuration/Hexes            3
 m - a book of Death

   Spells                             Type                      Level
   a - Corpse Rot                     Necromancy                   2
   b - Sublimation of Blood           Necromancy                   2
   c - Agony                          Necromancy                   5
   d - Dispel Undead                  Necromancy                   5
   e - Excruciating Wounds            Charms/Necromancy            5
   f - Bolt of Draining               Conjuration/Necromancy       5
Comestibles
 d - a bread ration


   Skills:
 + Level 2.5 Fighting
 + Level 3.7 Short Blades
 + Level 11.4 Dodging
 + Level 20.4 Stealth
 * Level 15.8 Spellcasting
 * Level 18.0 Hexes
 - Level 3.9 Ice Magic


You had 34 spell levels left.
You knew the following spells:

 Your Spells              Type           Power        Failure   Level  Hunger
a - Corona                Hex            #####..      0%          1    None
b - Ensorcelled Hibernat  Hex/Ice        ####..       0%          2    None
c - Confuse               Hex            #####...     0%          3    None
d - Shock                 Conj/Air       #...         1%          1    None


Dungeon Overview and Level Annotations

Branches:
Dungeon (1/1)

Altars:
Cheibriados
Dithmenos
Elyvilon
Fedhas
Gozag
Kikubaaqudgha
Makhleb
Nemelex Xobeh
Okawaru
Pakellas
Qazlal
Ru
Sif Muna
Trog
Vehumet
Xom
Yredelemnul
Zin
The Shining One
Jiyva

Shops:
D ?[[=:([


Innate Abilities, Weirdness & Mutations

You are tiny and cannot use many weapons and most armour.
You have supernaturally acute eyesight.
You are a herbivore.
You cover ground extremely quickly.
You need consume almost no food.
You have very sharp teeth.
You have large cloven feet.
You have an uncontrollable temper.
You are very clumsy. (Dex -4)
Armour fits poorly on your strangely shaped body.
Your body often deteriorates upon taking damage.
You are very dopey. (Int -4)
You are extremely frail (-30% HP).
Your magical capacity is extremely low (-30% MP).
You frequently scream uncontrollably at your foes.
You are very weak. (Str -4)
Your spells are much easier to cast, but much less powerful.
You expend magic power (3 MP) to strengthen your wands.


Message History

Your body deteriorates!
You feel weakened. The jelly completely misses you.
You hit the shining eye but do no damage.
You bite the shining eye, but do no damage.
The shining eye is heavily wounded.
The jelly barely misses you. The shining eye gazes at you.
Strange energies course through your body.
You feel your body start to fall apart.
You hit the shining eye but do no damage.
The shining eye is heavily wounded.
The jelly completely misses you.
You hit the shining eye.
The shining eye is heavily wounded.
The shining eye gazes at you.
Strange energies course through your body.
The jelly hits you.
* * * LOW HITPOINT WARNING * * *
You are splashed with acid!
The acid corrodes you!
The acid burns!
You die...

#.......####.###.....
#........# #+# #.....
#..#.....# #''.##
#........# #n.J.§
#.....#..# #...JJ
#........# }(nnnn..J.
#..#.....# n}).......
#...GJ...# #.......≈≈
###'@''### ###..≈≈≈≈#
#∩......∩# +######+
#........# #∩......∩#
##########


You could see a shining eye and a jelly.

Vanquished Creatures
  2 centaur warriors (D)
  Sonja (D)
  2 unseen horrors (D)
  A deep troll (D)
  An oklob plant (D)
  7 shining eyes (D)
  2 kobold demonologists (D)
  A slime creature (D)
  A yak (D)
  Sigmund (D)
  2 redbacks (D)
  6 giant eyeballs (D)
  A wasp (D)
  An ogre (D)
  2 jellies (D)
  Ijyb (D)
32 creatures vanquished.

Vanquished Creatures (others)
  4 wasps (D)
4 creatures vanquished.

Grand Total: 36 creatures vanquished

Notes
Turn   | Place    | Note
--------------------------------------------------------------
     0 | D        | Hipnos the Spriggan Enchanter began the quest for the Orb.
     0 | D        | Reached XP level 1. HP: 9/9 MP: 5/5
     1 | D        | Noticed Ijyb
    32 | D        | Killed Ijyb
    32 | D        | Reached skill level 6 in Stealth
    32 | D        | Reached skill level 5 in Hexes
    32 | D        | Reached XP level 2. HP: 10/14 MP: 5/7
    59 | D        | Learned a level 2 spell: Ensorcelled Hibernation
    60 | D        | Noticed an ogre
    63 | D        | Killed an ogre
    63 | D        | Reached skill level 1 in Fighting
    63 | D        | Reached skill level 5 in Dodging
    63 | D        | Reached skill level 7 in Stealth
    63 | D        | Reached skill level 5 in Spellcasting
    63 | D        | Reached XP level 3. HP: 15/18 MP: 7/10
    63 | D        | Reached XP level 4. HP: 19/22 MP: 8/12
    75 | D        | Learned a level 3 spell: Confuse
    97 | D        | Noticed Sigmund
   100 | D        | Killed Sigmund
   100 | D        | Reached skill level 9 in Stealth
   100 | D        | Reached skill level 10 in Hexes
   100 | D        | Reached XP level 5. HP: 24/25 MP: 13/15
   100 | D        | Reached XP level 6. HP: 29/30 MP: 13/16
   112 | D        | Found a deep blue altar of Sif Muna.
   114 | D        | Found a radiant altar of Vehumet.
   118 | D        | Reached skill level 10 in Stealth
   121 | D        | Became a worshipper of Vehumet
   153 | D        | Found Fan Saoj's Jewellery Emporium.
   153 | D        | Found a white marble altar of Elyvilon.
   153 | D        | Found a stormy altar of Qazlal.
   153 | D        | Found a burning altar of Makhleb.
   153 | D        | Found a sacrificial altar of Ru.
   153 | D        | Found an oddly glowing altar of Pakellas.
   153 | D        | Found a basalt altar of Yredelemnul.
   153 | D        | Found a glowing golden altar of the Shining One.
   153 | D        | Found a sparkling altar of Nemelex Xobeh.
   153 | D        | Found a shimmering altar of Xom.
   153 | D        | Found an opulent altar of Gozag.
   153 | D        | Found an ancient bone altar of Kikubaaqudgha.
   153 | D        | Found a glowing silver altar of Zin.
   153 | D        | Noticed a yak
   154 | D        | Found an iron altar of Okawaru.
   158 | D        | Killed a yak
   158 | D        | Reached skill level 11 in Stealth
   158 | D        | Reached skill level 1 in Ice Magic
   159 | D        | Found a bloodstained altar of Trog.
   163 | D        | Bought an uncursed ring of stealth for 227 gold pieces
   304 | D        | Found a snail-covered altar of Cheibriados.
   304 | D        | Found a viscous altar of Jiyva.
   304 | D        | Found a shadowy altar of Dithmenos.
   304 | D        | Found a blossoming altar of Fedhas.
   304 | D        | Noticed a slime creature
   627 | D        | Killed a slime creature
   627 | D        | Reached XP level 7. HP: 21/33 MP: 16/20
   744 | D        | Noticed a kobold demonologist
   745 | D        | Noticed a kobold demonologist
   747 | D        | Killed a kobold demonologist
   747 | D        | Reached * piety under Vehumet
   747 | D        | Offered knowledge of Shock by Vehumet.
   747 | D        | Reached skill level 12 in Stealth
   750 | D        | Killed a kobold demonologist
   750 | D        | Reached skill level 13 in Stealth
   750 | D        | Reached skill level 10 in Spellcasting
   750 | D        | Reached XP level 8. HP: 38/38 MP: 19/23
   796 | D        | Learned a level 1 spell: Shock
   797 | D        | Noticed a demonic crawler
   797 | D        | Noticed a demonic crawler
   797 | D        | Noticed a demonic crawler
   797 | D        | Noticed a demonic crawler
   844 | D        | Noticed Sonja
   848 | D        | Killed Sonja
   848 | D        | Offered knowledge of Searing Ray by Vehumet.
   848 | D        | Reached ** piety under Vehumet
   848 | D        | Reached skill level 14 in Stealth
   862 | D        | Noticed a deep troll
   866 | D        | Killed a deep troll
   866 | D        | Reached skill level 15 in Stealth
   866 | D        | Reached XP level 9. HP: 36/42 MP: 24/26
   878 | D        | Found Azugamug's Armour Emporium.
   898 | D        | Noticed a centaur warrior
   898 | D        | Noticed a centaur warrior
   902 | D        | Killed a centaur warrior
   902 | D        | Reached skill level 10 in Dodging
   902 | D        | Reached skill level 16 in Stealth
   902 | D        | Reached skill level 15 in Hexes
   904 | D        | Killed a centaur warrior
   920 | D        | Reached *** piety under Vehumet
   932 | D        | Noticed an oklob plant
   934 | D        | Killed an oklob plant
   934 | D        | Reached skill level 17 in Stealth
   934 | D        | Reached XP level 10. HP: 46/46 MP: 28/28
   963 | D        | Noticed an unseen horror
   965 | D        | Noticed an unseen horror
   970 | D        | Killed an unseen horror
   970 | D        | Reached skill level 18 in Stealth
   972 | D        | Killed an unseen horror
   972 | D        | Reached **** piety under Vehumet
  1105 | D        | Found Vanireef's Magic Scroll Boutique.
  1116 | D        | Noticed a shining eye
  1116 | D        | Noticed a shining eye
  1116 | D        | Noticed a shining eye
  1117 | D        | Noticed a shining eye
  1117 | D        | Noticed a shining eye
  1117 | D        | Noticed a shining eye
  1118 | D        | Offered knowledge of Ignite Poison by Vehumet.
  1119 | D        | Noticed a shining eye
  1119 | D        | Noticed a shining eye
  1120 | D        | Killed a shining eye
  1120 | D        | Reached skill level 19 in Stealth
  1123 | D        | Gained mutation: Your mind is acute. (Int +2) [a shining eye]
  1124 | D        | Gained mutation: You have large cloven feet. [a shining eye]
  1125 | D        | Paralysed by a giant eyeball for 4 turns
  1127 | D        | Gained mutation: Your magical capacity is low (-10% MP). [a shining eye]
  1128 | D        | Gained mutation: Armour fits poorly on your strangely shaped body. [a shining eye]
  1135 | D        | Killed a shining eye
  1135 | D        | Reached ***** piety under Vehumet
  1135 | D        | Paralysed by a giant eyeball for 2 turns
  1137 | D        | Gained mutation: You expend magic power (3 MP) to strengthen your wands. [a shining eye]
  1139 | D        | Gained mutation: Your body sometimes deteriorates upon taking damage. [a shining eye]
  1141 | D        | Killed a shining eye
  1143 | D        | Gained mutation: You occasionally shout uncontrollably at your foes. [a shining eye]
  1146 | D        | Gained mutation: You have very sharp teeth. [a shining eye]
  1146 | D        | Paralysed by a giant eyeball for 3 turns
  1147 | D        | Gained mutation: Your muscles are strong. (Str +2) [a shining eye]
  1147 | D        | Gained mutation: You are frail (-10% HP). [a shining eye]
  1153 | D        | Reached skill level 20 in Stealth
  1155 | D        | Paralysed by a giant eyeball for 2 turns
  1156 | D        | Gained mutation: You are clumsy. (Dex -2) [a shining eye]
  1157 | D        | Gained mutation: You tend to lose your temper in combat. [a shining eye]
  1157 | D        | Lost mutation: Your muscles are strong. (Str +2) [a shining eye]
  1158 | D        | Gained mutation: Your body often deteriorates upon taking damage. [a shining eye]
  1161 | D        | Lost mutation: Your mind is acute. (Int +2) [a shining eye]
  1162 | D        | Gained mutation: Potions and wands are less effective at restoring your health. [a shining eye]
  1164 | D        | Gained mutation: You often lose your temper in combat. [a shining eye]
  1164 | D        | Gained mutation: Your magical capacity is very low (-20% MP). [a shining eye]
  1166 | D        | Paralysed by a giant eyeball for 3 turns
  1166 | D        | Gained mutation: Your magical capacity is extremely low (-30% MP). [a shining eye]
  1167 | D        | Gained mutation: You sometimes yell uncontrollably at your foes. [a shining eye]
  1168 | D        | Gained mutation: You have an uncontrollable temper. [a shining eye]
  1171 | D        | Gained mutation: You are very frail (-20% HP). [a shining eye]
  1175 | D        | Gained mutation: You are dopey. (Int -2) [a shining eye]
  1176 | D        | Killed a shining eye
  1176 | D        | Reached skill level 15 in Spellcasting
  1176 | D        | Paralysed by a giant eyeball for 2 turns
  1189 | D        | Gained mutation: You frequently scream uncontrollably at your foes. [a shining eye]
  1192 | D        | Paralysed by a giant eyeball for 3 turns
  1196 | D        | Gained mutation: You are very clumsy. (Dex -4) [a shining eye]
  1198 | D        | Gained mutation: Your spells are a little easier to cast, but a little less powerful. [a shining eye]
  1200 | D        | Gained mutation: You are very dopey. (Int -4) [a shining eye]
  1200 | D        | Gained mutation: You are extremely frail (-30% HP). [a shining eye]
  1201 | D        | Gained mutation: You are weak. (Str -2) [a shining eye]
  1202 | D        | Lost mutation: You are extremely frail (-30% HP). [a shining eye]
  1203 | D        | Lost strength.
  1203 | D        | Gained mutation: You are very weak. (Str -4) [a shining eye]
  1204 | D        | Gained mutation: Your spells are easier to cast, but less powerful. [a shining eye]
  1205 | D        | Gained mutation: You are extremely frail (-30% HP). [a shining eye]
  1207 | D        | Lost mutation: Potions and wands are less effective at restoring your health. [a shining eye]
  1208 | D        | Gained mutation: You regenerate slowly when monsters are visible. [a shining eye]
  1208 | D        | Lost mutation: Your body often deteriorates upon taking damage. [a shining eye]
  1211 | D        | Paralysed by a giant eyeball for 3 turns
  1216 | D        | Gained mutation: Your body often deteriorates upon taking damage. [a shining eye]
  1217 | D        | Paralysed by a giant eyeball for 4 turns
  1217 | D        | Gained mutation: You do not regenerate naturally when monsters are visible. [a shining eye]
  1217 | D        | Lost mutation: You do not regenerate naturally when monsters are visible. [a shining eye]
  1221 | D        | Gained mutation: You do not regenerate naturally when monsters are visible. [a shining eye]
  1221 | D        | Gained mutation: You do not regenerate naturally. [a shining eye]
  1221 | D        | Gained mutation: Your spells are much easier to cast, but much less powerful. [a shining eye]
  1225 | D        | Lost mutation: You are very dopey. (Int -4) [a shining eye]
  1225 | D        | Paralysed by a giant eyeball for 4 turns
  1230 | D        | Gained mutation: You are very dopey. (Int -4) [a shining eye]
  1235 | D        | Lost mutation: You do not regenerate naturally. [a shining eye]
  1236 | D        | Paralysed by a giant eyeball for 3 turns
  1236 | D        | Lost mutation: You do not regenerate naturally when monsters are visible. [a shining eye]
  1236 | D        | Gained mutation: You do not regenerate naturally when monsters are visible. [a shining eye]
  1241 | D        | Paralysed by a giant eyeball for 4 turns
  1243 | D        | Lost mutation: You are very dopey. (Int -4) [a shining eye]
  1246 | D        | Killed a shining eye
  1246 | D        | Reached XP level 11. HP: 35/35 MP: 1/22
  1251 | D        | Gained mutation: You do not regenerate naturally. [a shining eye]
  1251 | D        | Paralysed by a giant eyeball for 3 turns
  1252 | D        | Lost mutation: You do not regenerate naturally. [a shining eye]
  1253 | D        | Gained mutation: You are very dopey. (Int -4) [a shining eye]
  1257 | D        | Lost mutation: You are very clumsy. (Dex -4) [a shining eye]
  1257 | D        | Gained mutation: You are very clumsy. (Dex -4) [a shining eye]
  1258 | D        | Paralysed by a giant eyeball for 4 turns
  1261 | D        | Gained mutation: You do not regenerate naturally. [a shining eye]
  1267 | D        | Lost mutation: You do not regenerate naturally. [a shining eye]
  1268 | D        | Paralysed by a giant eyeball for 3 turns
  1269 | D        | Lost mutation: You do not regenerate naturally when monsters are visible. [a shining eye]
  1271 | D        | Gained mutation: You do not regenerate naturally when monsters are visible. [a shining eye]
  1275 | D        | Lost mutation: Armour fits poorly on your strangely shaped body. [a shining eye]
  1277 | D        | Paralysed by a giant eyeball for 3 turns
  1277 | D        | Gained mutation: Armour fits poorly on your strangely shaped body. [a shining eye]
  1279 | D        | Gained mutation: You do not regenerate naturally. [a shining eye]
  1282 | D        | Lost mutation: You frequently scream uncontrollably at your foes. [a shining eye]
  1283 | D        | Lost mutation: Your body often deteriorates upon taking damage. [a shining eye]
  1284 | D        | Paralysed by a giant eyeball for 4 turns
  1286 | D        | Lost mutation: You do not regenerate naturally. [a shining eye]
  1289 | D        | Lost mutation: You do not regenerate naturally when monsters are visible. [a shining eye]
  1289 | D        | Paralysed by a giant eyeball for 2 turns
  1293 | D        | Killed a shining eye
  1293 | D        | Offered knowledge of Olgreb's Toxic Radiance by Vehumet.
  1293 | D        | Gained mutation: Your body often deteriorates upon taking damage. [a shining eye]
  1294 | D        | Gained mutation: You do not regenerate naturally when monsters are visible. [a shining eye]
  1295 | D        | Gained mutation: You frequently scream uncontrollably at your foes. [a shining eye]
  1295 | D        | Paralysed by a giant eyeball for 2 turns
  1301 | D        | Lost mutation: You do not regenerate naturally when monsters are visible. [a shining eye]
  1304 | D        | Gained mutation: You do not regenerate naturally when monsters are visible. [a shining eye]
  1310 | D        | Gained mutation: You do not regenerate naturally. [a shining eye]
  1317 | D        | Lost mutation: You do not regenerate naturally. [a shining eye]
  1321 | D        | Lost mutation: You do not regenerate naturally when monsters are visible. [a shining eye]
  1338 | D        | Killed a shining eye
  1341 | D        | Gained mutation: You do not regenerate naturally when monsters are visible. [a shining eye]
  1344 | D        | Found Bayrhuuc's Antique Armour Shoppe.
  1344 | D        | Found Ibycuf's Book Shop.
  1344 | D        | Found Fatac's Antique Armour Emporium.
  1344 | D        | Found Gidaomui's Antique Weapon Boutique.
  1349 | D        | Gained mutation: You do not regenerate naturally. [a shining eye]
  1354 | D        | Lost mutation: You do not regenerate naturally. [a shining eye]
  1360 | D        | Lost mutation: You do not regenerate naturally when monsters are visible. [a shining eye]
  1372 | D        | Lost mutation: You are very weak. (Str -4) [a shining eye]
  1376 | D        | Lost strength.
  1376 | D        | Gained mutation: You are very weak. (Str -4) [a shining eye]
  1379 | D        | Lost mutation: You regenerate slowly when monsters are visible. [a shining eye]
  1382 | D        | Gained mutation: You regenerate slowly when monsters are visible. [a shining eye]
  1391 | D        | Lost mutation: You regenerate slowly when monsters are visible. [a shining eye]
  1434 | D        | Gained mutation: You regenerate slowly when monsters are visible. [a shining eye]
  1440 | D        | Lost mutation: You regenerate slowly when monsters are visible. [a shining eye]
  1460 | D        | Lost mutation: Your body often deteriorates upon taking damage. [a shining eye]
  1466 | D        | Lost mutation: Your spells are much easier to cast, but much less powerful. [a shining eye]
  1468 | D        | Gained mutation: Your spells are much easier to cast, but much less powerful. [a shining eye]
  1475 | D        | Gained mutation: Your body often deteriorates upon taking damage. [a shining eye]
  1477 | D        | Splashed by a jelly's acid

Skill      XL: |  1  2  3  4  5  6  7  8  9 10 11 |
---------------+----------------------------------+-----
Dodging        | 4 5 7 8 9 10 11 | 11.4
Stealth        | 6 7 9 11 13 15 17 20 | 20.4
Spellcasting   | 3 5 6 8 10 12 13 15 | 15.8
Hexes          | 5 8 10 12 13 14 16 17 18 | 18.0
Fighting       | 1 2 |  2.5
Short Blades   | 2 3 |  3.7
Ice Magic      | 1 2 3 |  3.9

Action                   |  1- 3 |  4- 6 |  7- 9 | 10-12 || total
-------------------------+-------+-------+-------+-------++-------
Melee: Dagger            |    31 |    16 |    11 |   264 ||   322
       Kick              |       |       |       |    68 ||    68
       Bite              |       |       |       |    29 ||    29
 Cast: Ensorcelled Hiber |       |     9 |     5 |    15 ||    29
       Confuse           |       |     1 |     2 |    10 ||    13
  Use: Potion            |     1 |       |       |     1 ||     2
 Stab: Sleeping          |     1 |     5 |     9 |    10 ||    25
       Confused          |       |     3 |       |       ||     3
Armor: Robe              |     5 |       |     1 |       ||     6
Dodge: Dodged            |    21 |    13 |    10 |    26 ||    70
